 Dungeon Crawl Stone Soup version 0.25.1-2-g60ff931df9 (webtiles) character file.

Game seed: 15322130087125161950

2821 lorenzova the Thaumaturge (level 9, -8/45 HPs)
             Began as a Deep Elf Conjurer on Sept 14, 2020.
             Was an Initiate of Vehumet.
             Shot with a sling bullet by Joseph (19 damage)
             ... on level 7 of the Dungeon.
             The game lasted 00:15:58 (8192 turns).

lorenzova the Thaumaturge (Deep Elf Conjurer)       Turns: 8192, Time: 00:15:59

Health: -8/45      AC:  4    Str:  5    XL:     9   Next: 45%
Magic:  9/26       EV: 12    Int: 33    God:    Vehumet [......]
Gold:   411        SH:  0    Dex: 15    Spells: 19/30 levels left

rFire    + + .     SeeInvis .   F - staff of fire
rCold    . . .     Gourm    .   (no shield)
rNeg     . . .     Faith    .   y - +1 leather armour "Dukogux" {Regen+ Int+9} (curse)
rPois    .         Spirit   .   (no helmet)
rElec    .         Reflect  .   (no cloak)
rCorr    .         Harm     .   (no gloves)
MR       .....                  (no boots)
Stlth    +++.......             (no amulet)
HPRegen  0.55/turn              i - ring of protection from fire
MPRegen  0.20/turn              q - ring of stealth

@: no status effects
A: no striking features
a: Renounce Religion


You were on level 7 of the Dungeon.
You worshipped Vehumet.
Vehumet was noncommittal.
You were not hungry.

You visited 2 branches of the dungeon, and saw 8 of its levels.

You collected 411 gold pieces.

Inventory:

Hand Weapons
 w - the +8 dagger of the Illusory Moons {speed, SInv}
   (You found it on level 4 of the Dungeon)

   Attacks with this weapon are significantly faster.
   It lets you see invisible.
Armour
 a - a +0 robe
 y - the cursed +1 leather armour "Dukogux" (worn) {Regen+ Int+9}
   (You found it on level 6 of the Dungeon)

   It affects your intelligence (+9).
   It increases your rate of regeneration.
   It has a curse placed upon it.
Magical Staves
 B - an uncursed staff of conjuration
 F - an uncursed staff of fire (weapon)
Jewellery
 b - an uncursed ring of flight
 i - a ring of protection from fire (left hand)
 q - a ring of stealth (right hand)
 C - an uncursed amulet of faith
Wands
 v - a wand of paralysis (11)
 z - a wand of clouds (6)
Scrolls
 g - 4 scrolls of random uselessness {unknown}
 l - a scroll of blinking {unknown}
 m - a scroll of enchant armour {unknown}
 n - 3 scrolls of enchant weapon {unknown}
 o - a scroll of identify
 r - 2 scrolls of remove curse {unknown}
 s - 6 scrolls of amnesia {unknown}
 t - 4 scrolls of teleportation {unknown}
 E - a scroll of magic mapping {unknown}
Potions
 d - 3 potions of heal wounds
 e - 2 potions of lignification {unknown}
 f - 4 potions of curing
 h - a potion of cancellation
 j - a potion of invisibility
 k - a potion of magic
 p - a potion of stabbing
 u - 2 potions of might
 x - a potion of ambrosia
 A - a potion of haste
 D - a potion of berserk rage {unknown}
Comestibles
 c - 15 rations
 G - 3 chunks of flesh


   Skills:
 - Level 2.4 Dodging
 - Level 2.4 Stealth
 * Level 11.3 Spellcasting
 * Level 10.2 Conjurations
 * Level 4.4 Hexes
 * Level 3.7 Translocations


You had 19 spell levels left.
You knew the following spells:

 Your Spells              Type           Power        Failure   Level  Hunger
a - Magic Dart            Conj           ####         1%          1    None
c - Iskenderun's Mystic   Conj/Tloc      ######..     2%          4    None
d - Fulminant Prism       Conj/Hex       ######....   1%          4    None
z - Searing Ray           Conj           ######       1%          2    None

Your spell library contained the following spells:

 Spells                   Type           Power        Failure   Level  Hunger
 Dazzling Flash           Conj/Hex       ######       1%          3    None


Dungeon Overview and Level Annotations

Branches:
Dungeon (7/15)             Temple (1/1) D:6

Altars:
Ashenzari
Cheibriados
Dithmenos
Elyvilon
Fedhas
Gozag
Hepliaklqana
Kikubaaqudgha
Makhleb
Nemelex Xobeh
Okawaru
Qazlal
Ru
Sif Muna
Trog
Uskayaw
Vehumet
Wu Jian
Xom
Yredelemnul
Zin
The Shining One

Shops:
D:5 %

Annotations:
D:4 1 runed translucent door, Zleub's ghost, amateur GrEE
D:6 2 runed translucent doors
D:7 Joseph


Message History

Your fulminant prism explodes!
The blast of energy engulfs the hound skeleton!
You destroy the hound skeleton!
Vehumet accepts your kill.
The blast of energy engulfs Joseph!!
Joseph is almost dead.
Casting: Fulminant Prism (dangerous; 1% risk of failure)
Confirm with . or Enter, or press ? or * to list all spells.
Aiming: Fulminant Prism (dangerous; 1% risk of failure)
Press: ? - help, Dir - move target cursor You conjure a prism of explosive energy!
A fulminant prism comes into view.
Joseph shoots a sling bullet.
The sling bullet barely misses you.
Joseph shouts, "At last, some action!"
Joseph shoots a sling bullet.
The sling bullet hits you!!
* * * LOW HITPOINT WARNING * * *
Your fulminant prism crackles loudly.
Joseph shoots a sling bullet.
The sling bullet closely misses you.
Joseph shoots a sling bullet.
The sling bullet hits you!!
You die...

#......<...# ###
##..#########
...###...#
#.......##
###..##..##
##.#####.##
#########.?
###..#
##.####..(*.((...
.....#
#.........(@....
#...##
##..(.@####.?##.
##### ####### .#
# ### ..# #.# ###


You could see Joseph (fast) and a friendly fulminant prism.

Vanquished Creatures
  An unseen horror (D:6)
  Sigmund (D:4)
  Eustachio (D:4)
  A water moccasin (D:6)
  2 orc warriors
  An ice beast (D:5)
  3 sky beasts
  An ogre (D:4)
  A centaur (D:7)
  4 bullfrogs
  A scorpion (D:6)
  A wight (D:6)
  2 crimson imps (D:6)
  A bullfrog skeleton (D:7)
  4 orc priests
  A jelly (D:6)
  An iguana (D:5)
  3 orc wizards
  6 worker ants
  A hound zombie (D:5)
  A hound skeleton (D:7)
  10 adders
  7 gnolls
  An ooze (D:2)
  An adder skeleton (D:6)
  4 worms
  6 dart slugs
  3 leopard geckos
  23 orcs
  2 ball pythons
  4 giant cockroaches
  7 goblins
  11 hobgoblins
  15 jackals
  A kobold (D:2)
  6 quokkas
  6 bats
  7 frilled lizards
  2 jackal skeletons
  A leopard gecko zombie (D:5)
  9 rats
164 creatures vanquished.

Vanquished Creatures (others)
  5 fulminant prisms (D:7)
5 creatures vanquished.

Grand Total: 169 creatures vanquished

Notes
Turn   | Place    | Note
-------+----------+-------------------------------------------
     0 | D:1      | lorenzova the Deep Elf Conjurer began the quest for the
                  | Orb.
     0 | D:1      | Reached XP level 1. HP: 10/10 MP: 6/6
     2 | D:1      | Noticed a naga
     2 | D:1      | Noticed a merfolk
     4 | D:1      | Noticed a demigod
     6 | D:1      | Noticed a ghoul
     8 | D:1      | Noticed a demonspawn
     8 | D:1      | Noticed a troll
    10 | D:1      | Noticed a felid
    10 | D:1      | Noticed a halfling
    12 | D:1      | Noticed a centaur
    12 | D:1      | Noticed a vampire
    14 | D:1      | Noticed a gargoyle
    14 | D:1      | Noticed a minotaur
    16 | D:1      | Noticed an octopode
    18 | D:1      | Noticed a human
    18 | D:1      | Noticed a dwarf
    20 | D:1      | Noticed a spriggan
    20 | D:1      | Noticed a vine stalker
    22 | D:1      | Noticed a tengu
    22 | D:1      | Noticed a draconian
    24 | D:1      | Noticed a formicid
    24 | D:1      | Noticed an ogre
    26 | D:1      | Noticed an elf
   413 | D:1      | Reached XP level 2. HP: 15/15 MP: 5/8
   417 | D:1      | Learned a level 2 spell: Searing Ray
   549 | D:1      | Reached skill level 5 in Conjurations
  1015 | D:1      | Reached XP level 3. HP: 4/19 MP: 1/10
  1459 | D:2      | Reached XP level 4. HP: 24/24 MP: 6/11
  1799 | D:2      | Reached skill level 4 in Spellcasting
  2262 | D:3      | HP: 1/24 [hobgoblin/+0 club (3)]
  2556 | D:3      | Found a white marble altar of Elyvilon.
  2566 | D:3      | Reached XP level 5. HP: 28/28 MP: 8/13
  2812 | D:3      | Found a bloodstained altar of Trog.
  3198 | D:3      | Found a faded altar of an unknown god.
  3277 | D:4      | Reached skill level 5 in Spellcasting
  3605 | D:4      | Found a runed translucent door.
  3610 | D:4      | Noticed Zleub's ghost (amateur GrEE)
  3777 | D:4      | Found an ornate altar of the Wu Jian Council.
  3779 | D:4      | Found a shadowy altar of Dithmenos.
  3859 | D:4      | Reached XP level 6. HP: 30/32 MP: 7/16
  3931 | D:4      | Learned a level 4 spell: Iskenderun's Mystic Blast
  3936 | D:4      | Learned a level 4 spell: Fulminant Prism
  3965 | D:4      | Reached skill level 6 in Spellcasting
  4510 | D:4      | Noticed Eustachio
  4517 | D:4      | Killed Eustachio
  4517 | D:4      | Reached skill level 1 in Hexes
  4517 | D:4      | Reached skill level 1 in Translocations
  4517 | D:4      | Reached XP level 7. HP: 31/36 MP: 11/19
  4624 | D:4      | Got an ichor-stained dagger
  4625 | D:4      | Identified the +8 dagger of the Illusory Moons {speed,
                  | SInv} (You found it on level 4 of the Dungeon)
  4651 | D:4      | Noticed Sigmund
  4657 | D:4      | Killed Sigmund
  4657 | D:4      | Reached skill level 7 in Spellcasting
  4779 | D:5      | Entered Level 5 of the Dungeon
  4927 | D:5      | You fall into a shaft and drop 1 floor!
  4933 | D:6      | Reached skill level 8 in Spellcasting
  5144 | D:6      | Found a large runed translucent door.
  5144 | D:6      | Found a large runed translucent door.
  5147 | D:6      | Noticed an unseen horror
  5150 | D:6      | Found a large runed translucent door.
  5150 | D:6      | Found a large runed translucent door.
  5258 | D:6      | Reached XP level 8. HP: 21/41 MP: 16/22
  5317 | D:6      | Got a faintly humming leather armour
  5328 | D:6      | Identified the cursed +1 leather armour "Dukogux" {Regen+
                  | Int+9} (You found it on level 6 of the Dungeon)
  5896 | D:5      | Reached skill level 9 in Spellcasting
  6410 | D:5      | Found Macsap's Food Emporium.
  6836 | D:6      | Reached skill level 10 in Spellcasting
  6994 | D:6      | Reached XP level 9. HP: 20/45 MP: 6/25
  7409 | D:6      | Found a staircase to the Ecumenical Temple.
  7474 | Temple   | Entered the Ecumenical Temple
  7572 | Temple   | Became a worshipper of Vehumet
  7829 | D:6      | Killed an unseen horror
  7829 | D:6      | Reached skill level 11 in Spellcasting
  7829 | D:6      | Reached skill level 10 in Conjurations
  8172 | D:7      | Noticed Joseph
  8192 | D:7      | Shot with a sling bullet by Joseph

Illustrated notes

Levels and vault maps discovered:
D:1:      kb_arrival_jail, layout_loops_corners, minmay_heptomino_l4
D:2:      layout_rooms, first_ration
D:3:      layout_rooms, old_standard_altar, lightli_temple_of_fire,
          chequers_ecumenical_altar_grove
D:4:      layout_basic, chequers_temple_overflow_statue_of_worship,
          ebering_ghost_reflecting_pool, uniq_sigmund, uniq_eustachio
D:5:      layout_gridville, serial_shops, nicolae_shop_window_shopping
D:6:      minmay_angry_zag, layout_basic, minmay_temple_entry_crystal_x,
          minmay_hollow_rounded_squares
D:7:      layout_layer_cave, uniq_joseph, uniq_crazy_yiuf_cottage
Temple:   regret_index_temple_mists

Skill      XL: |  1  2  3  4  5  6  7  8  9 |
---------------+----------------------------+-----
Conjurations   | 5 6 7 8 9 10 | 10.2
Spellcasting   | 4 5 6 8 10 11 | 11.3
Hexes          | 1 2 3 4 |  4.4
Translocations | 1 2 3 |  3.7
Dodging        | |  2.4
Stealth        | |  2.4

Action                   |  1- 3 |  4- 6 |  7- 9 || total
-------------------------+-------+-------+-------++-------
Melee: Short sword       |       |    10 |       ||    10
       Dagger            |       |       |     5 ||     5
 Cast: Magic Dart        |    50 |   166 |   109 ||   325
       Searing Ray       |     3 |     9 |    35 ||    47
       Fulminant Prism   |       |       |     6 ||     6
  Use: Scroll            |       |     5 |     4 ||     9
       Potion            |       |     1 |       ||     1
 Stab: Sleeping          |       |       |     2 ||     2
  Eat: Chunk             |     2 |     8 |    12 ||    22
Armor: Robe              |       |     5 |     2 ||     7
       Leather armour    |       |       |     5 ||     5
Dodge: Dodged            |     2 |    37 |    26 ||    65
